 Dungeon Crawl Stone Soup version 0.26.1-10-gdfb7c7de75 (webtiles) character file.

Game seed: 9087221523105489848

60 ptr the Vexing (level 3, -1/15 HPs)
             Began as a Felid Enchanter on Apr 10, 2021.
             Slain by a goblin (3 damage)
             ... led by Robin
             ... on level 2 of the Dungeon.
             The game lasted 00:05:48 (1618 turns).

ptr the Vexing (Felid Enchanter)                    Turns: 1618, Time: 00:05:49

Health: -1/15      AC:  1    Str:  5    XL:     3   Next: 82%
Magic:  6/7        EV: 18    Int: 16    God:
Gold:   44         SH:  5    Dex: 16    Spells: 0/6 levels left
                                        Lives:  0   Deaths: 0

rFire    . . .     SeeInvis +     - Unarmed
rCold    . . .     Faith    .   (shield unavailable)
rNeg     . . .     Spirit   .   (armour unavailable)
rPois    .         Reflect  +   (helmet unavailable)
rElec    .         Harm     .   (cloak unavailable)
rCorr    .         Rampage  .   (gloves unavailable)
Will     .....                  (boots unavailable)
Stlth    +++.......             g - amulet of reflection
HPRegen  0.05/turn              (no ring)
MPRegen  0.10/turn              (no ring)

@: quick
A: very small, no armour, no weapons or thrown items, stealth, claws 1, fangs 3,
see invisible, speed 1, shaggy fur 1, sharp paws
a: no special abilities


You were on level 2 of the Dungeon.
You visited 1 branch of the dungeon, and saw 2 of its levels.

You collected 44 gold pieces.

Inventory:

Jewellery
 g - an amulet of reflection (around neck)
Scrolls
 b - 2 scrolls of identify
 c - 2 scrolls of remove curse {unknown}
Potions
 a - a potion of heal wounds
 d - a potion of flight
 f - a potion of ambrosia


   Skills:
 + Level 1.0 Fighting
 + Level 3.3 Dodging
 + Level 4.5 Stealth
 + Level 1.7 Unarmed Combat
 + Level 2.3 Spellcasting
 + Level 4.9 Hexes
 + Level 0.6 Ice Magic


You couldn't memorise any spells.
You knew the following spells:

 Your Spells              Type           Power        Failure   Level
a - Corona                Hex            18%          2%          1
b - Ensorcelled Hibernat  Hex/Ice        20%          10%         2
c - Confusing Touch       Hex            17%          8%          3

Your spell library contained the following spells:

 Spells                   Type           Power        Failure   Level
 Tukima's Dance           Hex            17%          8%          3
 Dazzling Flash           Conj/Hex       18%          22%         3


Dungeon Overview and Level Annotations

Branches:
Dungeon (2/15)

Altars:

Annotations:
D:2 Robin


Innate Abilities, Weirdness & Mutations

You cannot wear armour.
You are incapable of wielding weapons or throwing items.
Your paws allow you to move quietly. (Stealth)
You have sharp claws.
You have razor-sharp teeth.
You have supernaturally acute eyesight. (SInv)
You cover ground quickly.
You are covered in fur. (AC +1)
Your sharp claws are effective at attacking unaware monsters.


Message History

You see here a stone.
The goblin shoots a stone.
The stone closely misses you.
You see here a stone.
You see here a stone.
Casting: Confusing Touch (extremely dangerous; 8% risk of failure)
Confirm with . or Enter, or press ? or * to list all spells.
Aiming: Corona (safe; 2% risk of failure)
Press: ? - help, Shift-Dir - straight line, f - goblin
Aim: a goblin, wielding a +0 hunting sling and quivering 19 stones (chance to affect: 71%)
The goblin is outlined in light.
The goblin shoots a stone.
The stone misses you.
The goblin shoots a stone.
The stone hits you.
* * * LOW HITPOINT WARNING * * *
You see here a stone.
You completely miss the goblin.
The goblin unwields a +0 hunting sling.
You block the goblin's attack.
You scratch the goblin.
The goblin is severely wounded.
The goblin hits you.
You die... .####..g. .# gg. .# #g# .# #g# †# #.# .# #.########## .# #.ggggg).gg#

.# ##########g# .#
#@# .# #(# .# #.#
.## ##########(#
..# #.......##(#
#.#
#.#####.##.########
..# #.#
#.........>..
#######.###
####.########
###.......# #.#


You could see 3 goblins.

Vanquished Creatures
  2 adders (D:2)
  A worm (D:2)
  2 dart slugs (D:2)
  A leopard gecko (D:1)
  2 giant cockroaches (D:1)
  5 goblins
  9 hobgoblins
  2 kobolds (D:1)
  A ball python (D:1)
  4 bats
  2 frilled lizards
  A rat (D:2)
32 creatures vanquished.

Notes
Turn   | Place    | Note
-------+----------+-------------------------------------------
     0 | D:1      | ptr the Felid Enchanter began the quest for the Orb.
     0 | D:1      | Reached XP level 1. HP: 7/7 MP: 4/4
   370 | D:1      | Reached XP level 2. HP: 12/12 MP: 6/6
   373 | D:1      | Learned a level 2 spell: Ensorcelled Hibernation
  1124 | D:2      | Reached XP level 3. HP: 12/15 MP: 0/7
  1216 | D:2      | Learned a level 3 spell: Confusing Touch
  1417 | D:2      | Reached skill level 1 in Fighting
  1581 | D:2      | Noticed Robin
  1618 | D:2      | Slain by a goblin

Illustrated notes

Levels and vault maps discovered:
D:1:      dpeg_arrival_houses_and_road, layout_basic
D:2:      layout_loops_ring, uniq_robin

Skill      XL: |  1  2  3 |
---------------+----------+-----
Dodging        | 3 |  3.3
Fighting       | 1 |  1.0
Stealth        | |  4.5
Unarmed Combat | |  1.7
Spellcasting   | |  2.3
Hexes          | |  4.9
Ice Magic      | |  0.6

Action                   || total
-------------------------++-------
Melee: Unarmed           ||    64
       Bite              ||     5
 Cast: Corona            ||     9
       Ensorcelled Hiber ||    16
  Use: Scroll            ||     6
 Stab: Sleeping          ||    21
Armor: Skin              ||     1
Dodge: Dodged            ||    33
Block: Other             ||     8
